 Dungeon Crawl Stone Soup version 0.24.0-41-g2ae2f7f1be (console) character file.

Game seed: 1306321460564474153, levelgen mode: deterministic

2771791 farkougg the Slayer (level 27, 242/290 HPs)
             Began as a Deep Dwarf Fighter on Dec 13, 2019.
             Was the Champion of Makhleb.
             Escaped with the Orb
             ... and 4 runes on Dec 15, 2019!
             The game lasted 06:59:46 (54520 turns).

farkougg the Slayer (Deep Dwarf Fighter)           Turns: 54520, Time: 06:59:46

Health: 242/290    AC: 30    Str: 26    XL:     27
Magic:  18/18 (9)  EV: 10    Int: 27    God:    Makhleb [******]
Gold:   3782       SH: 15    Dex: 11    Spells: 28/46 levels left

rFire    + + +     SeeInvis .   a - +9 broad axe (flame)
rCold    + + .     Gourm    +   P - +1 shield {reflect}
rNeg     + + .     Faith    .   W - +0 gold dragon scales
rPois    +         Spirit   .   g - +1 helmet {Int+3}
rElec    +         Reflect  +   h - +1 cloak
rCorr    .         Harm     .   J - +0 pair of gloves of Debynuat {+Inv rElec rF+ Int+4}
MR       ++++.     Rnd*Rage +   E - +0 pair of boots
Stlth    ..........             F - amulet "Coaf" {Gourm rN+ Int+6}
HPRegen  0.00/turn              I - ring of the Philosopher {rF+ MP+9 Dex+3}
MPRegen  0.16/turn              K - ring of protection from cold

@: non-regenerating
A: damage resistance, heal wounds, claws 1, iridescent scales 1, slimy green
scales 1, camouflage 1, berserk 1, clumsy 2, deformed body, dopey 1, fire
resistance 1, negative energy resistance 1, sense surroundings 3, electricity
resistance, no regeneration
0: Orb of Zot
}: 4/15 runes: decaying, silver, abyssal, gossamer
a: Heal Wounds, Minor Destruction, Lesser Servant of Makhleb, Major Destruction,
Greater Servant of Makhleb, Renounce Religion, Evoke Invisibility


You escaped.
You worshipped Makhleb.
Makhleb was exalted by your worship.
You were full.

You visited 9 branches of the dungeon, and saw 49 of its levels.
You visited the Abyss 3 times.

You collected 7376 gold pieces.
You spent 3594 gold pieces at shops.

Inventory:

Hand Weapons
 a - a +9 broad axe of flaming (weapon)
 b - a +9 broad axe
Missiles
 M - 6 curare-tipped darts (quivered)
Armour
 g - a +1 helmet of intelligence (worn)
 h - a +1 cloak (worn)
 E - a +0 pair of boots (worn)
 J - the +0 pair of gloves of Debynuat (worn) {+Inv rElec rF+ Int+4}
   (You found it on level 7 of the Dungeon)

   It affects your intelligence (+4).
   It protects you from fire.
   It insulates you from electricity.
   It lets you turn invisible.
 P - a +1 shield of reflection (worn)
 U - the +1 plate armour of Bitterness {rC+ rN++ MR+ Str+6}
   (You found it on level 1 of the Depths)

   It affects your strength (+6).
   It protects you from cold.
   It greatly protects you from negative energy.
   It affects your resistance to hostile enchantments.
 W - +0 gold dragon scales (worn)
Jewellery
 e - an uncursed ring of protection from magic
 w - an uncursed ring of resist corrosion
 F - the amulet "Coaf" (around neck) {Gourm rN+ Int+6}
   (You took it off a deep elf demonologist on level 3 of the Elven Halls)

   [amulet of the gourmand]

   It allows you to eat raw meat even when not hungry.
   It affects your intelligence (+6).
   It protects you from negative energy.
 I - the ring of the Philosopher (left hand) {rF+ MP+9 Dex+3}
   (You found it on level 3 of the Elven Halls)

   [ring of protection from fire]

   It affects your dexterity (+3).
   It protects you from fire.
   It affects your magic capacity (+9).
 K - a ring of protection from cold (right hand)
 S - an uncursed ring of poison resistance
Wands
 l - a wand of clouds (7)
 x - a wand of digging (4)
 L - a wand of acid (19)
 N - a wand of paralysis (13)
 Q - a wand of flame (56)
 R - a wand of disintegration (47)
 Y - a wand of iceblast (47)
Scrolls
 i - 20 scrolls of remove curse {@r2}
 m - 6 scrolls of fear
 n - 22 scrolls of teleportation
 s - 5 scrolls of magic mapping
 v - 7 scrolls of enchant weapon
 y - a scroll of holy word
 z - 3 scrolls of fog
 C - 3 scrolls of summoning
 H - 4 scrolls of blinking
 O - 8 scrolls of amnesia
 T - 11 scrolls of identify {@r1}
Potions
 c - a potion of resistance
 k - 18 potions of curing
 o - 3 potions of brilliance
 p - 2 potions of heal wounds
 q - 6 potions of ambrosia
 r - a potion of invisibility
 t - a potion of might
 u - a potion of haste
 B - 6 potions of berserk rage
 D - 7 potions of flight
 G - 4 potions of mutation
 V - 5 potions of magic
 X - 4 potions of cancellation
Miscellaneous
 A - a lightning rod (4/4)
Comestibles
 f - 87 rations


   Skills:
 * Level 25.5 Fighting
 + Level 20.4 Axes
 - Level 20.4 Armour
 - Level 10.0 Dodging
 - Level 15.0 Shields
 - Level 10.0 Spellcasting
 - Level 8.0 Charms
 - Level 18.0 Necromancy
 - Level 8.0 Translocations
 - Level 14.0 Earth Magic
 - Level 15.0 Invocations
 - Level 10.0 Evocations


You had 28 spell levels left.
You knew the following spells:

 Your Spells              Type           Power        Failure   Level  Hunger
a - Swiftness             Chrm/Air       #####...     16%         2    None
b - Shroud of Golubria    Chrm/Tloc      ######       3%          2    None
c - Borgnjor's Vile Clut  Necr/Erth      #######...   2%          5    ####...
d - Infestation           Necr           #######...   92%         8    #######
A - Apportation           Tloc           ######       1%          1    None

Your spell library contained the following spells:

 Spells                   Type           Power        Failure   Level  Hunger
 Animate Skeleton         Necr           N/A          1%          1    None
 Infusion                 Chrm           ####         1%          1    None
 Sandblast                Erth           ######       1%          1    None
 Sublimation of Blood     Necr           #######...   1%          2    None
 Song of Slaying          Chrm           ######..     3%          2    None
 Passwall                 Tmut/Erth      ######..     4%          2    None
 Lee's Rapid Deconstruct  Erth           ######....   4%          5    ####...
 Gell's Gravitas          Tloc           ######....   6%          3    None
 Stone Arrow              Conj/Erth      ######       10%         3    None
 Petrify                  Tmut/Erth      ######..     30%         4    None
 Ozocubu's Armour         Chrm/Ice       #####...     32%         3    None
 Spectral Weapon          Hex/Chrm       #####...     32%         3    None
 Beastly Appendage        Tmut           ##....       50%         1    None
 Confusing Touch          Hex            ##....       50%         1    None
 Flame Tongue             Conj/Fire      ##...        50%         1    None
 Freeze                   Ice            ##..         50%         1    None
 Shock                    Conj/Air       ##..         50%         1    None
 Summon Butterflies       Summ           ##......     50%         1    None
 Summon Small Mammal      Summ           ##..         50%         1    None
 Call Imp                 Summ           ##......     63%         2    None
 Ensorcelled Hibernation  Hex/Ice        ##....       63%         2    None
 Poisonous Vapours        Pois/Air       ##....       63%         2    None
 Sticks to Snakes         Tmut           ##......     63%         2    None
 Throw Flame              Conj/Fire      ##....       63%         2    None
 Throw Frost              Conj/Ice       ##....       63%         2    None
 Call Canine Familiar     Summ           ##......     86%         3    None
 Confuse                  Hex            ##......     86%         3    None
 Conjure Flame            Conj/Fire      ##......     86%         3    None
 Ignite Poison            Fire/Tmut/Pois ##......     86%         3    None
 Inner Flame              Hex/Fire       ##......     86%         3    None
 Mephitic Cloud           Conj/Pois/Air  ##......     86%         3    None
 Spider Form              Tmut/Pois      ##........   86%         3    None
 Static Discharge         Conj/Air       ##......     86%         3    None
 Summon Guardian Golem    Hex/Summ       ##......     86%         3    None
 Borgnjor's Revivificati  Necr           #######...   92%         8    #######
 Airstrike                Air            ##........   99%         4    None
 Cause Fear               Hex            ##........   99%         4    None
 Ice Form                 Ice/Tmut       ##......     99%         4    None
 Sticky Flame             Conj/Fire      ##......     99%         4    None
 Summon Ice Beast         Ice/Summ       ##......     99%         4    None
 Summon Lightning Spire   Summ/Air       ##......     99%         4    None
 Throw Icicle             Conj/Ice       ##......     99%         4    None
 Alistair's Intoxication  Tmut/Pois      ##......     100%        5    ####...
 Blade Hands              Tmut           ##........   100%        5    ####...
 Fireball                 Conj/Fire      ##........   100%        5    ####...
 Irradiate                Conj/Tmut      ##........   100%        5    ####...
 Lightning Bolt           Conj/Air       ##........   100%        5    ####...
 Metabolic Englaciation   Hex/Ice        ##........   100%        5    ####...
 Silence                  Hex/Air        ##........   100%        5    ####...
 Summon Mana Viper        Hex/Summ       ##......     100%        5    ####...
 Yara's Violent Unravell  Hex/Tmut       ##........   100%        5    ####...
 Bolt of Fire             Conj/Fire      ##........   100%        6    #####..
 Conjure Ball Lightning   Conj/Air       ##........   100%        6    #####..
 Darkness                 Hex            ##........   100%        6    #####..
 Freezing Cloud           Conj/Ice/Air   ##........   100%        6    #####..
 Shadow Creatures         Summ           N/A          100%        6    #####..
 Dragon Form              Tmut           ##........   100%        7    #######
 Haunt                    Necr/Summ      ######....   100%        7    #######
 Malign Gateway           Summ/Tloc      #####.....   100%        7    #######
 Monstrous Menagerie      Summ           ##........   100%        7    #######
 Ring of Flames           Chrm/Fire      #####.....   100%        7    #######
 Summon Greater Demon     Summ           ##........   100%        7    #######
 Summon Hydra             Summ           ##........   100%        7    #######
 Death's Door             Chrm/Necr      ######....   100%        8    #######
 Ignition                 Fire           ##........   100%        8    #######
 Necromutation            Tmut/Necr      ######....   100%        8    #######
 Summon Horrible Things   Summ           ##........   100%        8    #######
 Dragon's Call            Summ           ##........   100%        9    #######
 Shatter                  Erth           ######....   100%        9    #######
 Tornado                  Air            ##........   100%        9    #######
 Regeneration             Chrm/Necr      Unusable     N/A         3    N/A

Dungeon Overview and Level Annotations

Branches:
Dungeon (15/15)            Temple (0/1) D:6            Lair (6/6) D:11
  Swamp (4/4) Lair:3       Spider (4/4) Lair:3        Slime (0/5) Lair:6
    Orc (2/2) D:9             Elf (3/3) Orc:2        Vaults (5/5) D:14
  Crypt (0/3) Vaults:3     Depths (5/5) D:15            Zot (5/5) Depths:5

Altars:
Cheibriados
Dithmenos
Makhleb
Ru
Sif Muna
Trog
Vehumet
Wu Jian
Yredelemnul
Beogh
Jiyva

Shops:
D:5 [*   D:6 (   Orc:2 (*!(   Elf:1 }:   Vaults:4 ?   Depths:5 [*

Portals:
Hell: Depths:1 Depths:2 Depths:3 Depths:4 Depths:5
Abyss: Depths:1
Pandemonium: Depths:1 Depths:3
Ziggurat: Depths:2
Trove: Depths:5 (give 2 scrolls of acquirement)

Annotations:
Lair:5 exclusion: 2 oklob plants
Lair:6 exclusion: oklob plant
Elf:1 Roxanne
Vaults:3 3 runed translucent doors, Lolleill's ghost, adept DgTm; Yloucecuu's ghost, veteran SpEn; heteroy's ghost, veteran GrEE; jlumianski's ghost, veteran KoBe
Depths:2 1 runed translucent door, exclusion: lich, Emok's ghost, veteran BaIE
Zot:5 1 exclusion


Innate Abilities, Weirdness & Mutations

You are resistant to damage.
You can heal yourself by infusing magical energy.
You resist negative energy. (rN+)
You passively map a large area around you.
You do not regenerate.
You have sharp fingernails.
You are partially covered in iridescent scales. (AC +2)
You are partially covered in slimy green scales. (AC +2)
Your skin changes colour to match your surroundings (Stealth+).
You tend to lose your temper in combat.
You are very clumsy. (Dex -4)
Armour fits poorly on your strangely shaped body.
You are dopey. (Int -2)
Your flesh is heat resistant. (rF+)
You are resistant to electric shocks. (rElec)


Message History

You climb upwards.
There is a stone staircase leading down here.
There is a stone staircase leading up here.
You climb upwards.
There is a stone staircase leading down here.
A hobgoblin and a rakshasa come into view.
The hobgoblin shouts!
The rakshasa moves out of view.
There's nothing to close nearby.
Evoke which item? (* to show all) (? for menu, Esc to quit)
Aiming: Dig
Press: ? - help, Shift-Dir - straight line A rock wall.
This square is covered in magical glow.
The rock shatters into small pieces.
There is an open door here.
There is an open door here.
There is an open door here.
There is a staircase leading out of the dungeon here.
You have escaped!

#.......(...######.##.##.........
#.#####............##.######..##.
#.# #.....######.##.# #..##. #.#
#...###########.# #..##. #.#
##### #...#####.######..### #.#
#...'..#..........# #.#
#...#.....#####...# #.#
#####'###'#..## #.### #.#
#.....#@'.##..# #.# #.#
#.....#######'## #.# #.#
#.....#........###.# #.#
####.....'.........##.# #.##
#..#.....#........#g#.#### .#.##
#.########........#.R....#
###.###.# #.......[#...##.#
.#.#....##### #........##..##.#
#.##(##.....# #........#...##.#


There were no monsters in sight!

Vanquished Creatures
  6 orbs of fire
  Mara (Vaults:4)
  7 ancient liches
  5 Killer Klowns
  Saint Roka (Depths:5)
  2 curse toes
  15 golden dragons
  the Enchantress (Depths:1)
  Nikola (Vaults:1)
  A bone dragon (Abyss:3)
  A hellephant (Abyss:1)
  3 electric golems
  27 Orb Guardians
  19 tentacled monstrosities
  A lich (Depths:4)
  A deep elf blademaster (Elf:3)
  2 deep elf master archers (Elf:3)
  5 quicksilver dragons
  A titan (Vaults:4)
  A tengu reaver (Vaults:5)
  7 storm dragons
  4 sphinxes
  4 tentacled starspawn
  4 thorn hunters
  6 death cobs
  Donald (Elf:3)
  12 shadow dragons
  2 draconian monks
  12 frost giants
  The ghost of Waecyras the Bringer of Law, an adept KoGl of Zin (D:15)
  The ghost of Ficoysum the Archer, a journeyman GnWn of Zin (D:14)
  18 vault wardens
  11 fire giants
  Aizul (Elf:3)
  2 draconian knights
  5 ghost moths
  5 draconian scorchers
  3 deep elf elementalists (Elf:3)
  7 deep elf sorcerers
  2 ghouls
  2 iron dragons
  8 draconian stormcallers
  5 emperor scorpions
  3 spriggan defenders (Depths:1)
  4 draconian shifters
  2 orc warlords (Orc:2)
  15 ironheart preservers
  27 very ugly things
  19 stone giants
  3 draconian annihilators
  3 war gargoyles (Vaults:5)
  2 vampire knights
  6 deep elf demonologists
  5 entropy weavers
  9 black draconians
  4 dire elephants
  9 green draconians
  7 red draconians
  11 purple draconians
  12 white draconians
  7 deep elf annihilators
  Azrael (Elf:1)
  8 yellow draconians
  5 spark wasps
  11 ettins
  11 deep elf death magi
  2 merfolk javelineers
  A jiangshi (Abyss:3)
  A green death (Zot:1)
  16 fire dragons
  A deep elf high priest (Elf:1)
  14 yaktaur captains
  2 shambling mangroves
  14 great orbs of eyes
  29 vault guards
  9 ice dragons
  9 rakshasas
  2 hell beasts
  53 two-headed ogres
  4 spriggan air magi
  2 ghost crabs
  12 alligators
  24 hydras
  14 centaur warriors
  30 dancing weapons
  5 hell hogs
  A vampire mage (Abyss:3)
  2 death knights (Vaults:5)
  4 tengu warriors
  5 orc high priests
  10 death yaks
  9 deep troll earth magi
  15 ogre magi
  Urug (D:12)
  A shock serpent (shapeshifter) (Vaults:5)
  12 deep troll shamans
  5 spriggan berserkers
  18 deep elf knights
  15 large abominations
  9 thrashing horrors
  A sun demon (Depths:4)
  17 skeletal warriors
  6 wretched stars
  2 iron trolls
  16 hell knights
  2 sixfirhies
  An unseen horror (shapeshifter) (D:15)
  17 deep trolls
  A shadow wraith (Vaults:5)
  2 spriggan druids (Swamp:4)
  2 spatial maelstroms (Abyss:3)
  14 swamp dragons
  18 ironbrand convokers
  4 flayed ghosts
  4 wizards
  5 phantasmal warriors (Vaults:5)
  A glowing orange brain (shapeshifter) (Depths:2)
  Pikel (D:5)
  2 unseen horrors
  19 deep elf archers
  16 orc knights
  11 glowing orange brains
  An orange crystal statue (Abyss:3)
  4 lindwurms
  A wolf spider (shapeshifter) (Vaults:3)
  7 necromancers
  A shadow dragon zombie (Abyss:1)
  A shadow dragon skeleton (Vaults:5)
  7 orc sorcerers
  19 orb spiders
  A fire giant zombie (Vaults:3)
  73 deep elf magi
  A mana viper (Abyss:1)
  2 sphinx skeletons (Vaults:3)
  30 wolf spiders
  5 cyclopes
  A cyclops (shapeshifter) (D:9)
  2 manticores
  33 moths of wrath
  54 ugly things
  2 moths of wrath (shapeshifter)
  3 worldbinders
  2 stone giant skeletons
  2 elephants (Lair:6)
  2 guardian serpents (D:15)
  A frost giant skeleton (Vaults:3)
  4 black mambas (Lair:6)
  An apocalypse crab (Abyss:3)
  14 vault sentinels
  5 human skeletons (Vaults:3)
  An orange demon (Abyss:1)
  15 spiny frogs
  3 torpor snails
  8 smoke demons
  A spiny frog (shapeshifter) (Depths:2)
  A yaktaur zombie (Vaults:3)
  A storm dragon simulacrum (Vaults:3)
  3 centaur skeletons
  18 demonic crawlers
  8 komodo dragons
  9 rime drakes
  An efreet (Abyss:3)
  3 komodo dragons (shapeshifter)
  5 freezing wraiths
  4 tengu conjurers
  A guardian mummy (Depths:5)
  A silent spectre (Abyss:3)
  46 yaktaurs
  16 trolls
  4 ancient zymes (Abyss:3)
  2 merfolk (shapeshifter)
  A troll (shapeshifter) (Depths:1)
  3 meliai (D:15)
  A queen bee (D:11)
  A shadow dragon simulacrum (Depths:4)
  A meliai (shapeshifter) (Depths:1)
  A red devil (Abyss:3)
  4 tyrant leeches
  29 jumping spiders
  A polar bear (Lair:5)
  A wind drake (shapeshifter) (Vaults:1)
  A slime creature (shapeshifter) (Vaults:2)
  19 bog bodies
  3 dream sheep
  30 hornets
  33 blink frogs
  6 raiju (Abyss:3)
  3 frost giant simulacra
  10 hippogriffs
  24 slime creatures
  7 wraiths
  72 redbacks
  A redback (shapeshifter) (Depths:3)
  5 shadows
  3 wyverns
  A vampire (D:11)
  An air elemental (Elf:3)
  2 ettin skeletons
  26 tarantellas
  10 spriggans
  10 water elementals
  Sigmund (D:4)
  2 fire elementals
  28 yaks
  2 ynoxinuls
  Grum (D:8)
  A human (shapeshifter) (Depths:2)
  3 basilisks
  13 small abominations
  2 golden eyes (shapeshifter)
  A basilisk (shapeshifter) (Vaults:3)
  3 chaos spawn
  Eustachio (D:5)
  A hungry ghost (D:11)
  25 vampire mosquitoes
  9 neqoxecs
  A hog (shapeshifter) (Vaults:4)
  5 steam dragons
  10 wargs
  22 insubstantial wisps
  5 acid dragons
  19 swamp worms
  13 water moccasins
  12 hell hounds
  16 porcupines
  4 ice beasts
  60 orc warriors
  6 sky beasts
  3 black bears
  17 swamp drakes
  4 slaves
  A hornet zombie (D:12)
  3 eyes of draining
  2 phantoms
  36 starcursed masses (Abyss:3)
  7 necrophages
  37 ogres
  22 boggarts
  An eye of draining (shapeshifter) (Depths:3)
  15 wolves
  29 centaurs
  An elf skeleton (Vaults:3)
  12 crocodiles
  Blork the orc (D:5)
  3 big kobolds
  4 earth elementals
  A gnoll sergeant (D:9)
  16 bullfrogs
  A wyvern zombie (D:15)
  A glowing shapeshifter simulacrum (Vaults:2)
  10 scorpions
  A wyvern skeleton (D:13)
  28 killer bees
  3 howler monkeys (D:8)
  15 wights
  2 electric eels (Lair:3)
  6 crimson imps
  3 centaur zombies
  A human simulacrum (Vaults:3)
  4 quasits
  A bullfrog zombie (D:8)
  6 hounds
  Crazy Yiuf (D:4)
  3 jellies
  20 orc wizards
  38 orc priests
  5 iguanas
  An iron imp (Depths:3)
  2 bullfrog skeletons
  12 worker ants
  2 hound zombies
  3 worker ant zombies
  Robin (D:4)
  19 adders
  4 gnolls (D:9)
  A howler monkey skeleton (D:9)
  4 shadow imps
  2 white imps
  2 oozes
  An adder skeleton (D:9)
  An adder zombie (D:7)
  2 worms (D:2)
  3 dart slugs
  12 leopard geckos
  142 orcs
  4 ball pythons (D:2)
  7 giant cockroaches
  14 goblins
  13 hobgoblins
  16 jackals
  7 quokkas
  8 bats
  4 frilled lizards
  22 kobolds
  A leopard gecko zombie (D:8)
  A quokka zombie (D:5)
  3 rats
  2 briar patches (Swamp:1)
  A butterfly (Lair:3)
  3 crawling corpses
  12 fungi
  A lurking horror (Abyss:3)
  4 plants (Lair:6)
  7 starspawn tentacles
2635 creatures vanquished.

Vanquished Creatures (collateral kills)
  Rupert (D:14)
  A deep elf blademaster (Elf:3)
  A sphinx (Vaults:5)
  A vault warden (Vaults:5)
  A stone giant (Vaults:5)
  2 ironheart preservers
  A deep elf annihilator (Vaults:5)
  A hydra (shapeshifter) (Vaults:5)
  A hydra (Lair:5)
  A wolf spider (Spider:3)
  A cyclops (D:14)
  A manticore (D:13)
  A centaur skeleton (D:14)
  2 kobold demonologists (D:14)
  4 trolls
  4 blink frogs (Lair:5)
  A vampire (D:12)
  A wraith (Vaults:5)
  A neqoxec (D:14)
  A soldier ant (D:13)
  A sky beast (D:14)
  3 orc warriors (Orc:2)
  3 ogres (Vaults:5)
  3 bullfrogs
  2 scorpions
  A quasit (D:14)
  An orc priest (Orc:2)
  An orc wizard (D:14)
  A worker ant (D:14)
  3 orcs (Orc:2)
47 creatures vanquished.

Vanquished Creatures (others)
  An eldritch tentacle (Abyss:3)
  A fire giant (Depths:3)
  A deep elf death mage (Vaults:5)
  3 yaktaur captains
  3 centaur warriors
  A satyr (Abyss:3)
  2 ogre magi
  A hell hog (Abyss:3)
  2 deep elf knights (Elf:2)
  A hell knight (Depths:3)
  An orc knight (Vaults:1)
  A wolf spider (Vaults:1)
  An ugly thing (Vaults:1)
  A deep elf mage (Vaults:1)
  6 yaktaurs
  2 jumping spiders (Spider:3)
  A spriggan (Swamp:4)
  A boggart (Depths:3)
  3 ogres (Vaults:1)
  2 centaurs
  A killer bee (D:13)
  A quasit (D:14)
  2 orc wizards
  2 briar patches (Swamp:1)
  A bush (Depths:1)
  17 fungi
  A lurking horror (Abyss:3)
  12 plants
  11 starspawn tentacles
  2 withered plants (Vaults:3)
85 creatures vanquished.

Grand Total: 2767 creatures vanquished

Notes
Turn   | Place    | Note
-------+----------+-------------------------------------------
     0 | D:1      | farkougg the Deep Dwarf Fighter began the quest for the
                  | Orb.
     0 | D:1      | Reached XP level 1. HP: 20/20 MP: 1/1
   155 | D:1      | Reached XP level 2. HP: 18/27 MP: 2/2
   234 | D:1      | Reached skill level 3 in Fighting
   316 | D:1      | Reached XP level 3. HP: 21/34 MP: 3/3
   771 | D:2      | Found a shadowy altar of Dithmenos.
   886 | D:2      | Reached XP level 4. HP: 33/42 MP: 4/4
   907 | D:2      | Found an ornate altar of the Wu Jian Council.
  1032 | D:2      | Found a radiant altar of Vehumet.
  1469 | D:3      | Found a faded altar of an unknown god.
  1511 | D:3      | Found a burning altar of Makhleb.
  1514 | D:3      | Found a basalt altar of Yredelemnul.
  1519 | D:3      | Became a worshipper of Makhleb the Destroyer
  1538 | D:3      | Reached XP level 5. HP: 31/49 MP: 5/5
  2054 | D:4      | Found a runed translucent door.
  2055 | D:4      | Noticed Crazy Yiuf
  2066 | D:4      | Killed Crazy Yiuf
  2066 | D:4      | Reached skill level 1 in Invocations
  2258 | D:4      | Reached XP level 6. HP: 49/57 MP: 7/7
  2270 | D:4      | Reached skill level 4 in Fighting
  2418 | D:4      | Noticed Robin
  2419 | D:4      | Noticed Sigmund
  2559 | D:4      | Reached * piety under Makhleb
  2589 | D:4      | Killed Sigmund
  2589 | D:4      | Reached skill level 5 in Shields
  2589 | D:4      | Killed Robin
  2683 | D:5      | Entered Level 5 of the Dungeon
  2683 | D:5      | Noticed Blork the orc
  2691 | D:5      | Killed Blork the orc
  2691 | D:5      | Reached XP level 7. HP: 38/64 MP: 9/9
  2735 | D:5      | Reached skill level 5 in Axes
  2814 | D:5      | Noticed Pikel
  2890 | D:5      | Found Heczaggieb's Antique Armour Shop.
  2935 | D:5      | Reached skill level 5 in Invocations
  2942 | D:5      | HP: 3/64 [acid (12)]
  3078 | D:5      | Found a sacrificial altar of Ru.
  3080 | D:5      | Found Dyprigh's Mayhem Merchandise.
  3157 | D:5      | Reached XP level 8. HP: 59/72 MP: 12/12
  3331 | D:5      | Killed Pikel
  3331 | D:5      | Reached ** piety under Makhleb
  3468 | D:6      | Found Ponis's Antique Weapon Shop.
  3579 | D:6      | Noticed Eustachio
  3603 | D:5      | Killed Eustachio
  3603 | D:5      | Gained mutation: You passively map the area around you.
                  | [Deep Dwarf growth]
  3603 | D:5      | Reached XP level 9. HP: 69/78 MP: 14/14
  3636 | D:6      | Found a staircase to the Ecumenical Temple.
  3870 | D:6      | Found a shimmering blue altar of Sif Muna.
  4424 | D:7      | Identified the +7 dagger "Tiuggary" {drain, rN+ Str+6}
  4444 | D:7      | Reached *** piety under Makhleb
  4514 | D:7      | Got a pair of fine gloves
  4515 | D:7      | Identified the +0 pair of gloves of Debynuat {+Inv rElec
                  | rF+ Int+4} (You found it on level 7 of the Dungeon)
  4563 | D:7      | Found a snail-covered altar of Cheibriados.
  5169 | D:7      | Reached skill level 10 in Invocations
  5173 | D:8      | Reached XP level 10. HP: 66/85 MP: 17/17
  5431 | D:8      | Reached **** piety under Makhleb
  5536 | D:8      | Noticed Grum
  5541 | D:8      | Reached skill level 10 in Shields
  5552 | D:8      | Killed Grum
  5887 | D:8      | Reached skill level 10 in Axes
  6045 | D:9      | Reached skill level 1 in Evocations
  6182 | D:9      | Noticed a cyclops
  6190 | D:9      | Killed a cyclops
  6263 | D:9      | Reached ***** piety under Makhleb
  6337 | D:9      | Reached skill level 5 in Armour
  6379 | D:9      | Found a roughly hewn altar of Beogh.
  6381 | D:9      | Found a staircase to the Orcish Mines.
  6683 | D:9      | Reached XP level 11. HP: 56/92 MP: 19/19
  6885 | D:10     | Entered Level 10 of the Dungeon
  7170 | D:10     | Reached skill level 5 in Evocations
  7899 | D:5      | Bought a smoking ring mail for 261 gold pieces
  7899 | D:5      | Bought a brightly glowing scale mail for 261 gold pieces
  7899 | D:5      | Identified the +4 ring mail of Pyahir {MR+} (You bought it
                  | in a shop on level 5 of the Dungeon)
  7900 | D:5      | Identified the +1 scale mail of the Wilderness {MR+} (You
                  | bought it in a shop on level 5 of the Dungeon)
  8062 | D:11     | Found a staircase to the Lair.
  8154 | D:11     | Noticed a centaur warrior
  8176 | D:11     | Killed a centaur warrior
  8691 | D:12     | Noticed a cyan ugly thing
  8701 | D:12     | Killed a cyan ugly thing
  8728 | D:12     | Noticed a cyan ugly thing
  8739 | D:12     | Killed a cyan ugly thing
  8778 | D:12     | Noticed a purple ugly thing
  8781 | D:12     | Noticed Urug
  8797 | D:12     | Killed a purple ugly thing
  8806 | D:12     | Killed Urug
  8806 | D:12     | Reached XP level 12. HP: 58/99 MP: 20/20
  9084 | D:12     | Noticed a six-headed hydra
  9096 | D:12     | Killed a six-headed hydra
  9519 | D:12     | Reached skill level 5 in Fighting
  9564 | D:12     | Reached ****** piety under Makhleb
 10036 | D:13     | Noticed a two-headed ogre
 10049 | D:13     | Killed a two-headed ogre
 10345 | D:13     | Reached skill level 6 in Fighting
 10451 | D:13     | Noticed a two-headed ogre
 10469 | D:13     | Killed a two-headed ogre
 10651 | D:13     | Noticed a four-headed hydra
 10664 | D:13     | Reached XP level 13. HP: 68/111 MP: 18/18
 10826 | D:14     | Noticed Ficoysum's ghost (journeyman GnWn)
 10844 | D:14     | Noticed an iron dragon
 10869 | D:14     | Found a transporter.
 10983 | Lair:1   | Entered Level 1 of the Lair of Beasts
 11943 | Lair:2   | Identified a scroll of acquirement
 12377 | Lair:2   | Reached skill level 7 in Fighting
 12421 | Lair:2   | Reached skill level 10 in Armour
 12891 | Lair:3   | Found a staircase to the Swamp.
 13122 | Lair:3   | Found a hole to the Spider Nest.
 14520 | Lair:5   | Gained mutation: You resist negative energy. (rN+) [Deep
                  | Dwarf growth]
 14520 | Lair:5   | Reached XP level 14. HP: 124/124 MP: 17/17
 14586 | Lair:5   | Found a bloodstained altar of Trog.
 15597 | D:14     | Reached skill level 8 in Fighting
 15606 | D:14     | Killed an iron dragon
 15648 | D:14     | Found a transporter.
 15653 | D:14     | Found the +8 frozen axe "Frostbite" {freezing cloud, *Noise
                  | +Fly rC+}
 15780 | D:14     | Noticed Rupert
 15796 | D:14     | Killed Rupert
 15796 | D:14     | Reached skill level 15 in Invocations
 15823 | D:14     | Found a gate to the Vaults.
 15823 | D:14     | Noticed an ironheart preserver
 15831 | D:14     | Killed an ironheart preserver
 15845 | D:14     | Reached skill level 1 in Dodging
 15972 | D:14     | Got a steaming eveningstar
 16186 | D:14     | Gained mutation: You are dopey. (Int -2) [a neqoxec]
 16223 | D:14     | Killed Ficoysum's ghost
 16351 | D:15     | Entered Level 15 of the Dungeon
 16566 | Lair:6   | Entered Level 6 of the Lair of Beasts
 16883 | Lair:6   | Found a viscous altar of Jiyva.
 16884 | Lair:6   | Found a staircase to the Slime Pits.
 17189 | Lair:6   | Reached skill level 9 in Fighting
 17335 | Lair:6   | Identified the cursed +3 eveningstar "Gaaloy" {crush, MP+9}
                  | (You found it on level 14 of the Dungeon)
 17452 | Lair:6   | Reached XP level 15. HP: 96/135 MP: 18/18
 17837 | Swamp:1  | Entered Level 1 of the Swamp
 18021 | Swamp:1  | Reached skill level 5 in Dodging
 18057 | Swamp:1  | Noticed a thorn hunter
 18070 | Swamp:1  | Killed a thorn hunter
 18671 | Swamp:2  | Noticed a thorn hunter
 18685 | Swamp:2  | Killed a thorn hunter
 18692 | Swamp:2  | Cast into level 3 of the Abyss (spriggan rider)
 18707 | Abyss:3  | Noticed a deep elf sorcerer
 18726 | Abyss:3  | Killed a deep elf sorcerer
 18805 | Abyss:3  | Noticed a tentacled starspawn
 18811 | Abyss:3  | Killed a tentacled starspawn
 18885 | Abyss:3  | Reached skill level 15 in Shields
 18906 | Swamp:2  | Escaped the Abyss
 18930 | Swamp:2  | Cast into level 3 of the Abyss (spriggan rider)
 18957 | Abyss:3  | Found a corrupted altar of Lugonu.
 19072 | Swamp:2  | Escaped the Abyss
 19097 | Swamp:2  | Reached skill level 10 in Fighting
 19097 | Swamp:2  | Reached skill level 15 in Axes
 20159 | Swamp:3  | Reached XP level 16. HP: 147/147 MP: 19/19
 20785 | Swamp:4  | Entered Level 4 of the Swamp
 20872 | Swamp:4  | Noticed a thorn hunter
 21115 | Swamp:3  | Reached skill level 1 in Spellcasting
 21122 | Swamp:3  | Learned a level 1 spell: Apportation
 21176 | Swamp:3  | Reached skill level 1 in Translocations
 21210 | Swamp:4  | Noticed a thorn hunter
 21237 | Swamp:3  | Killed a thorn hunter
 21313 | Swamp:4  | Reached skill level 11 in Fighting
 21437 | Swamp:3  | Killed a thorn hunter
 21730 | Swamp:4  | Got a decaying rune of Zot
 22113 | Spider:1 | Entered Level 1 of the Spider Nest
 22458 | Spider:1 | Learned a level 2 spell: Swiftness
 22845 | Spider:1 | Found the +4 dagger "Morg" {pain, MR+ Int+5}
 23331 | Spider:2 | Reached XP level 17. HP: 157/157 MP: 19/19
 23355 | Spider:2 | Reached skill level 5 in Translocations
 23428 | Spider:2 | Paralysed by a hornet for 3 turns
 23810 | Spider:2 | You fall into a shaft and drop 1 floor!
 24128 | Spider:3 | Reached skill level 1 in Charms
 24690 | Spider:4 | Entered Level 4 of the Spider Nest
 24724 | Spider:3 | Reached skill level 12 in Fighting
 25503 | Spider:4 | Reached skill level 15 in Armour
 25755 | Spider:4 | Gained mutation: You passively map a large area around you.
                  | [Deep Dwarf growth]
 25755 | Spider:4 | Reached XP level 18. HP: 151/169 MP: 1/18
 25761 | Spider:4 | Got a gossamer rune of Zot
 26278 | Orc:1    | Entered Level 1 of the Orcish Mines
 26587 | Orc:2    | Entered Level 2 of the Orcish Mines
 26856 | Orc:2    | Reached skill level 5 in Charms
 27298 | Orc:2    | Found Yfouzxy's Weapon Boutique.
 27316 | Orc:2    | Found a roughly hewn altar of Beogh.
 27420 | Orc:2    | Found Arets's Distillery.
 27432 | Orc:2    | Bought a potion of heal wounds for 75 gold pieces
 27432 | Orc:2    | Bought a potion of mutation for 120 gold pieces
 27432 | Orc:2    | Bought a potion of heal wounds for 75 gold pieces
 27432 | Orc:2    | Bought 2 potions of curing for 90 gold pieces
 27598 | Orc:2    | Found a staircase to the Elven Halls.
 27756 | Orc:2    | Found Idda's Assorted Antiques.
 27782 | Orc:2    | Bought a potion of curing for 93 gold pieces
 27782 | Orc:2    | Bought a potion of curing for 93 gold pieces
 27782 | Orc:2    | Bought a potion of curing for 93 gold pieces
 27782 | Orc:2    | Bought a scroll of identify for 62 gold pieces
 27830 | Orc:2    | Found Apeakhut's Antique Weapon Boutique.
 27859 | Orc:2    | Found a roughly hewn altar of Beogh.
 28077 | Elf:1    | Entered Level 1 of the Elven Halls
 28203 | Elf:1    | Identified Roxanne's Tome of Moulding
 28203 | Elf:1    | Noticed Roxanne
 28323 | Elf:1    | Reached skill level 13 in Fighting
 28391 | Elf:1    | Found Ammuolafol's Gadget Shoppe.
 28431 | Elf:1    | Noticed Azrael
 28450 | Elf:1    | Killed Azrael
 28774 | Elf:1    | Found Davexuru's Book Shoppe.
 29666 | Elf:2    | Found a runed translucent gate.
 29666 | Elf:2    | Found a runed translucent gate.
 29668 | Elf:2    | Found a runed translucent gate.
 30178 | Elf:2    | Reached XP level 19. HP: 175/180 MP: 18/18
 30345 | Elf:3    | Entered Level 3 of the Elven Halls
 30730 | Elf:3    | Noticed Donald
 30771 | Elf:3    | Killed Donald
 30861 | Elf:3    | Learned a level 2 spell: Shroud of Golubria
 31034 | Elf:3    | Noticed Aizul
 31064 | Elf:3    | Killed Aizul
 31413 | Elf:3    | Reached skill level 14 in Fighting
 31436 | Elf:3    | Identified the amulet "Coaf" {Gourm rN+ Int+6}
 31688 | Elf:3    | Found the +8 longbow "Zephyr" {speed, Dex+3 SInv}
 31724 | Elf:3    | Identified the Compendium of Lightness
 31737 | Elf:3    | Identified the amulet "Adghoun" {Inacc rN++} (You found it
                  | on level 3 of the Elven Halls)
 31740 | Elf:3    | Identified the ring of the Philosopher {rF+ MP+9 Dex+3}
                  | (You found it on level 3 of the Elven Halls)
 31802 | Elf:3    | Identified the cursed +1 hand crossbow of the Pillar
                  | {venom, *Corrode rN++} (You found it on level 3 of the
                  | Elven Halls)
 32054 | Vaults:1 | Entered Level 1 of the Vaults
 32452 | Vaults:1 | Reached skill level 10 in Dodging
 32459 | Vaults:1 | Learned a level 5 spell: Borgnjor's Vile Clutch
 32565 | Vaults:1 | Reached skill level 1 in Earth Magic
 32565 | Vaults:1 | Reached skill level 1 in Necromancy
 32629 | Vaults:1 | Noticed Nikola
 32663 | Vaults:1 | Killed Nikola
 32838 | Vaults:1 | Reached XP level 20. HP: 192/192 MP: 17/17
 33265 | Vaults:1 | Paralysed by a hornet for 2 turns
 33765 | Vaults:2 | Identified the +2 leather armour "Ocraank" {*Drain rF+
                  | Int+10 Dex+3}
 33795 | Vaults:2 | Gained mutation: Your body sometimes deteriorates upon
                  | taking damage. [a neqoxec]
 33797 | Vaults:2 | Reached skill level 5 in Earth Magic
 34184 | Vaults:2 | Reached skill level 15 in Fighting
 34233 | Vaults:2 | Reached skill level 5 in Necromancy
 35318 | Vaults:3 | Reached skill level 10 in Evocations
 35409 | Vaults:3 | Reached XP level 21. HP: 201/201 MP: 18/18
 35566 | Vaults:3 | Found a runed translucent gate.
 35566 | Vaults:3 | Found a runed translucent gate.
 35566 | Vaults:3 | Noticed heteroy's ghost (veteran GrEE)
 35566 | Vaults:3 | Noticed Yloucecuu's ghost (veteran SpEn)
 35567 | Vaults:3 | Found a runed translucent gate.
 35567 | Vaults:3 | Noticed jlumianski's ghost (veteran KoBe)
 35567 | Vaults:3 | Noticed Lolleill's ghost (adept DgTm)
 35671 | Vaults:3 | Gained mutation: Your body often deteriorates upon taking
                  | damage. [a neqoxec]
 36638 | Vaults:3 | Found a staircase to the Crypt.
 36985 | Vaults:4 | Reached skill level 5 in Spellcasting
 37211 | Vaults:4 | Reached skill level 10 in Earth Magic
 37262 | Vaults:4 | Identified the +6 chain mail of the King of the Hill {-Tele
                  | rPois rN+ Str+3} (You found it on level 4 of the Vaults)
 37377 | Vaults:4 | Noticed Mara
 37514 | Vaults:4 | Found Xekiufim's Magic Scroll Emporium.
 37519 | Vaults:4 | Bought a scroll of teleportation for 72 gold pieces
 37519 | Vaults:4 | Bought a scroll of identify for 48 gold pieces
 37519 | Vaults:4 | Bought a scroll of teleportation for 72 gold pieces
 37519 | Vaults:4 | Bought a scroll of identify for 48 gold pieces
 37519 | Vaults:4 | Bought a scroll of identify for 48 gold pieces
 37519 | Vaults:4 | Bought 2 scrolls of identify for 96 gold pieces
 37580 | Vaults:4 | Noticed farkougg's illusion
 37601 | Vaults:4 | Killed Mara
 37961 | Vaults:4 | Reached skill level 16 in Fighting
 38058 | Vaults:5 | Entered Level 5 of the Vaults
 38068 | Vaults:5 | Reached XP level 22. HP: 212/213 MP: 19/19
 38101 | Vaults:5 | Noticed a golden dragon
 38118 | Vaults:5 | Killed a golden dragon
 38127 | Vaults:5 | Noticed a golden dragon
 38142 | Vaults:5 | Killed a golden dragon
 38148 | Vaults:5 | Reached skill level 10 in Necromancy
 38542 | Vaults:5 | Noticed an ancient lich
 38611 | Vaults:4 | Bought a scroll of silence for 180 gold pieces
 38611 | Vaults:4 | Bought a scroll of acquirement for 1248 gold pieces
 38611 | Vaults:4 | Bought a scroll of silence for 180 gold pieces
 38689 | Vaults:5 | Noticed a golden dragon
 38716 | Vaults:5 | Killed a golden dragon
 38726 | Vaults:5 | Killed an ancient lich
 38726 | Vaults:5 | Reached skill level 17 in Fighting
 38818 | Vaults:5 | Got a silver rune of Zot
 39128 | Vaults:5 | Reached XP level 23. HP: 224/224 MP: 20/20
 39764 | D:15     | Found a transporter.
 39770 | D:15     | Noticed Waecyras's ghost (adept KoGl)
 39771 | D:15     | Found a transporter.
 40307 | D:15     | Found a staircase to the Depths.
 40496 | D:15     | Killed Waecyras's ghost
 40537 | Depths:1 | Entered Level 1 of the Depths
 40611 | Depths:1 | Reached skill level 18 in Fighting
 40905 | Depths:1 | Found the +2 robe of Vines {NoPotionHeal Regen+7}
 40907 | Depths:1 | Identified the +1 plate armour of Bitterness {rC+ rN++ MR+
                  | Str+6} (You found it on level 1 of the Depths)
 41133 | Depths:1 | Found a one-way gate leading to the halls of Pandemonium.
 41184 | Depths:1 | Noticed the Enchantress
 41218 | Depths:1 | Killed the Enchantress
 41307 | Depths:1 | Found a gateway to Hell.
 41337 | Depths:1 | Reached skill level 19 in Fighting
 41348 | Depths:1 | Found a one-way gate to the infinite horrors of the Abyss.
 42324 | Depths:2 | Found a gateway to a ziggurat.
 42626 | Depths:2 | Found a runed translucent door.
 42767 | Depths:1 | Voluntarily entered the Abyss.
 42882 | Abyss:1  | Reached skill level 20 in Fighting
 43051 | Abyss:1  | Noticed an ancient lich
 43077 | Abyss:1  | Killed an ancient lich
 43077 | Abyss:1  | Reached XP level 24. HP: 244/244 MP: 20/20
 43460 | Abyss:3  | Paralysed by accursed screaming for 1 turns
 43710 | Abyss:3  | Paralysed by accursed screaming for 1 turns
 43717 | Abyss:3  | Paralysed by accursed screaming for 1 turns
 43862 | Abyss:3  | Reached skill level 21 in Fighting
 43890 | Abyss:3  | Got an abyssal rune of Zot
 43939 | Depths:1 | Escaped the Abyss
 44295 | Depths:2 | Noticed Emok's ghost (veteran BaIE)
 46478 | Depths:4 | Reached XP level 25. HP: 259/259 MP: 15/15
 46970 | Depths:5 | Entered Level 5 of the Depths
 46996 | Depths:5 | Reached skill level 22 in Fighting
 47023 | Depths:5 | Noticed Saint Roka
 47052 | Depths:5 | Killed Saint Roka
 47241 | Depths:5 | Found Wudeuwie's Assorted Antiques.
 47241 | Depths:5 | Found Morrot's Antique Armour Boutique.
 47267 | Depths:5 | Bought 2 potions of heal wounds for 230 gold pieces
 47267 | Depths:5 | Bought a scroll of fear for 80 gold pieces
 47267 | Depths:5 | Bought a scroll of teleportation for 69 gold pieces
 47486 | Depths:5 | Found a portal to a secret trove of treasure.
 47733 | Depths:5 | Found a gate to the Realm of Zot.
 47796 | Depths:5 | Found a shadowy altar of Dithmenos.
 47863 | Zot:1    | Entered Level 1 of the Realm of Zot
 47877 | Depths:5 | Learned a level 8 spell: Infestation
 49278 | Zot:2    | Reached XP level 26. HP: 272/272 MP: 13/13
 49633 | Zot:2    | Reached skill level 10 in Spellcasting
 49913 | Zot:1    | Reached skill level 23 in Fighting
 50245 | Zot:3    | Identified the +7 halberd of Gravity {drain, *Drain +Fly
                  | rF+}
 50633 | Zot:3    | Reached skill level 15 in Necromancy
 52171 | Zot:5    | Entered Level 5 of the Realm of Zot
 52495 | Zot:5    | Reached skill level 24 in Fighting
 52562 | Zot:5    | Noticed an orb of fire
 52565 | Zot:5    | Noticed an orb of fire
 52567 | Zot:5    | Noticed an orb of fire
 52568 | Zot:5    | Noticed an orb of fire
 52585 | Zot:4    | Reached XP level 27. HP: 260/285 MP: 12/12
 52587 | Zot:4    | Gained mutation: You are clumsy. (Dex -2) [an orb of fire]
 52588 | Zot:4    | Killed an orb of fire
 52603 | Zot:4    | Gained mutation: You tend to lose your temper in combat.
                  | [an orb of fire]
 52609 | Zot:4    | Killed an orb of fire
 52658 | Zot:5    | Noticed an orb of fire
 52658 | Zot:5    | Gained mutation: You are frail. (-10% HP) [an orb of fire]
 52660 | Zot:5    | Gained mutation: You often lose your temper in combat. [an
                  | orb of fire]
 52660 | Zot:5    | Noticed an ancient lich
 52662 | Zot:5    | Gained mutation: You are very clumsy. (Dex -4) [an orb of
                  | fire]
 52667 | Zot:4    | Gained mutation: You are very frail. (-20% HP) [an orb of
                  | fire]
 52670 | Zot:4    | Gained mutation: You are weak. (Str -2) [an orb of fire]
 52672 | Zot:4    | Gained mutation: Armour fits poorly on your strangely
                  | shaped body. [an orb of fire]
 52674 | Zot:4    | Killed an orb of fire
 52686 | Zot:4    | Killed an orb of fire
 52689 | Zot:4    | Lost mutation: Your body often deteriorates upon taking
                  | damage. [potion of mutation]
 52689 | Zot:4    | Lost mutation: You are very frail. (-20% HP) [potion of
                  | mutation]
 52689 | Zot:4    | Lost mutation: Your body sometimes deteriorates upon taking
                  | damage. [potion of mutation]
 52689 | Zot:4    | Gained mutation: You have sharp fingernails. [potion of
                  | mutation]
 52689 | Zot:4    | Lost mutation: You are frail. (-10% HP) [potion of
                  | mutation]
 52689 | Zot:4    | Gained mutation: You are resistant to electric shocks.
                  | (rElec) [potion of mutation]
 52716 | Zot:4    | Gained mutation: Your magical capacity is low. (-10% MP)
                  | [an orb of fire]
 52720 | Zot:4    | Gained mutation: You are frail. (-10% HP) [an orb of fire]
 52724 | Zot:4    | Killed an orb of fire
 52730 | Zot:4    | Lost mutation: You often lose your temper in combat.
                  | [potion of mutation]
 52730 | Zot:4    | Lost mutation: Your magical capacity is low. (-10% MP)
                  | [potion of mutation]
 52730 | Zot:4    | Lost mutation: You are weak. (Str -2) [potion of mutation]
 52730 | Zot:4    | Gained mutation: You are partially covered in slimy green
                  | scales. (AC +2) [potion of mutation]
 52730 | Zot:4    | Gained mutation: You are partially covered in iridescent
                  | scales. (AC +2) [potion of mutation]
 52730 | Zot:4    | Gained mutation: Your flesh is heat resistant. (rF+)
                  | [potion of mutation]
 52735 | Zot:5    | Noticed an ancient lich
 52738 | Zot:5    | Killed an ancient lich
 52747 | Zot:5    | Killed an ancient lich
 52834 | Zot:5    | Noticed an ancient lich
 52848 | Zot:5    | Killed an ancient lich
 52862 | Zot:5    | Noticed an ancient lich
 52878 | Zot:5    | Killed an ancient lich
 52937 | Zot:5    | Noticed an ancient lich
 53117 | Zot:5    | Killed an ancient lich
 53167 | Zot:5    | Reached skill level 25 in Fighting
 53462 | Zot:5    | Noticed an orb of fire
 53537 | Zot:5    | Gained mutation: Potions are less effective at restoring
                  | your health. [an orb of fire]
 53544 | Zot:5    | Gained mutation: Your magical capacity is low. (-10% MP)
                  | [an orb of fire]
 53554 | Zot:5    | Gained mutation: You are very dopey. (Int -4) [an orb of
                  | fire]
 53562 | Zot:5    | Killed an orb of fire
 53577 | Zot:5    | Lost mutation: You are very dopey. (Int -4) [potion of
                  | mutation]
 53577 | Zot:5    | Lost mutation: Your magical capacity is low. (-10% MP)
                  | [potion of mutation]
 53577 | Zot:5    | Lost mutation: You are frail. (-10% HP) [potion of
                  | mutation]
 53577 | Zot:5    | Lost mutation: Potions are less effective at restoring your
                  | health. [potion of mutation]
 53577 | Zot:5    | Gained mutation: Your skin changes colour to match your
                  | surroundings (Stealth+). [potion of mutation]
 53726 | Zot:5    | Got the Orb of Zot
 53926 | Zot:1    | Noticed Qinaseq the pandemonium lord
 53998 | Depths:2 | Noticed Zoempuv the pandemonium lord
 54012 | Depths:2 | Paralysed by a floating eye for 2 turns
 54235 | D:8      | Noticed Aluheerr the pandemonium lord
 54235 | D:8      | Noticed an ancient lich
 54520 | D:$      | Escaped with the Orb!

Levels and vault maps discovered:
D:1:      evilmike_arrival_fibonacci_small, layout_loops_ring
D:2:      layout_rooms, lemuel_round_altar, old_standard_altar,
          grunt_dithmenos_smoke, first_ration, grunt_decor_cap,
          minmay_snake_closets
D:3:      layout_basic, grunt_temple_overflow_open,
          chequers_ecumenical_altar_simple_redux
D:4:      layout_cave_pools, eino_tiny_chamber, uniq_crazy_yiuf_cottage,
          uniq_sigmund, uniq_robin
D:5:      layout_rooms, kennysheep_mini_moat, serial_shops, shop,
          minmay_shop_mayhem, saegor_snake_ambush, uniq_blork_the_orc,
          uniq_pikel
D:6:      layout_cave_pools, led_sif_pool, temple_pool_b, serial_shops, shop,
          kennysheep_crisscross, hangedman_abyss_or_decor_stagger,
          uniq_eustachio
D:7:      kennysheep_steamy, layout_basic, lemuel_round_altar
D:8:      layout_gridville, enter_bailey_2, uniq_grum
D:9:      layout_basic, david_orc_5, serial_glass, glass_columns_a,
          glass_columns_c
D:10:     layout_gridville, serial_glass, glass_columns_a, glass_columns_a
D:11:     layout_roguey, due_lair_maze_entry_diamond, david_nohive_1
D:12:     layout_loops_corners, uniq_urug
D:13:     layout_irregular_city
D:14:     minmay_roctagon, layout_loops_ring, skrybe_vaults_entry_preservation,
          gammafunk_ghost_stat_death, lemuel_flamethrower_2, uniq_rupert
D:15:     hangedman_depths_entry_civil_slaughter, layout_irregular_city,
          chequers_serial_rivers_small_b, gammafunk_ghost_arena,
          nrook_guardian_serpent_ordinary
Lair:1:   layout_hall_layers, st_stairs_13
Lair:2:   layout_regular_city, st_stairs_6, minmay_shattered_shrine
Lair:3:   layout_regular_city, skrybe_swamp_entry_bodies,
          spider_nest_entry_web_field, infiniplex_staircase_pool,
          grunt_megastairs_1, serial_bayou_shore_a, lemuel_fruit_fields,
          lemuel_fruit_fields
Lair:4:   layout_loops_ring, grunt_megastairs_3
Lair:5:   layout_hall_layers, basic_altar, chequers_serial_rivers_room_b,
          grunt_megastairs_4, minmay_lair_oklob_chamber
Lair:6:   guppyfry_lair_end_dragon, layout_loops_ring, hangedman_lair_in_review,
          slime_altar_1, chequers_serial_rivers_large_a
Swamp:1:  layout_basic_swamp, evilmike_swamp_ruin_house_5
Swamp:2:  layout_basic_swamp, evilmike_swamp_ruin_rubble_2, swamp_pool5,
          hangedman_swamp_ravenous
Swamp:3:  layout_basic_swamp, hangedman_swamp_cone
Swamp:4:  swamp_alternative, layout_basic_swamp, swamp_pool1
Spider:1: layout_chambers
Spider:2: layout_spider_delve
Spider:3: layout_spider_delve, nicolae_spider_cling_ruins
Spider:4: guppyfry_spider_rune, einodemon_crawler_minivault
Orc:1:    layout_caves, serial_shops, shop, uniq_erolcha
Orc:2:    pubby_orc_utopia, serial_shops
Elf:1:    layout_onion_city, serial_shops, nicolae_shop_waterfront, shop,
          hangedman_elf_represent, uniq_roxanne, uniq_azrael
Elf:2:    layout_geoelf_grid, serial_sigils_hangedman_quiver
Elf:3:    elf_hall, layout_onion_city, feat_on_display, uniq_donald, uniq_aizul
Vaults:1: nicolae_vaults_diagonal_hallway_8, vaults_room_corners,
          vaults_mumra_chevron, v_alt_pattern_3,
          nicolae_vaults_good_morning_starshine, v_pattern_3,
          hangedman_vaults_unwind, hangedman_vaults_corner,
          vaults_standard_mumra_enter_the_diamond,
          nicolae_vaults_yaktaur_gun_rack, ontoclasm_vaults_twist,
          vaults_dpeg_diagonal, ontoclasm_vaults_misaligned, layout_vaults_maze,
          uniq_nikola
Vaults:2: grunt_vaults_swirl, hangedman_vaults_river_flow,
          vaults_mumra_chevron_long, v_misc_23, v_misc_25,
          nicolae_vaults_windows_and_doors_thing, st_star,
          hangedman_vaults_slice, nicolae_vaults_rhombus_7,
          dpeg_vaults_monster_box, layout_vaults_ring
Vaults:3: gammafunk_vaults_ghost_cemetery, hangedman_vaults_snaps,
          grunt_vaults_trifunnel, minmay_crypt_entry_skeletal_spiral,
          nicolae_vaults_three_branches, v_alt_pattern_1,
          nicolae_vaults_network_square, vaults_dpeg_cross,
          ontoclasm_vaults_chip, layout_vaults_quadrants
Vaults:4: v_misc_19, nicolae_vaults_network_periphery, vaults_room_door_hall,
          vaults_room_pool, vaults_room_grid, v_rooms_6, vaults_mumra_lcd,
          grunt_vaults_bifocal, vaults_room_stairs_pillars,
          hangedman_vaults_stream, grunt_vaults_diagonal,
          ontoclasm_vaults_ring_square, vaults_room_octagon,
          layout_vaults_omnibox, serial_shops, shop, uniq_mara
Vaults:5
Depths:1: layout_gridlike, columned_hall_lemuel, abyss_entry, hell_entry,
          pan_entry, minmay_hedge_maze, minmay_checkered_concentric_circles,
          grunt_megastairs_5, uniq_enchantress
Depths:2: kennysheep_green_arena, layout_basic, enter_ziggurat_d, serial_rivers,
          chequers_serial_rivers_small_b, chequers_serial_rivers_room_a,
          chequers_serial_rivers_micro_d, chequers_serial_rivers_small_3,
          hell_entry, muffindrake_ghost_three_little_ghosts, water_boxes_lemuel,
          serial_bayou_shore_b
Depths:3: minmay_inner_zag, layout_gridlike, rand_demon_pan_entry_5, hell_entry,
          infiniplex_staircase_zigzag_2
Depths:4: cheibrodos_salmonella, layout_cave_shapes,
          abyss_entry_small_statue_room, grunt_mini_vestibule,
          minmay_misc_feat_enclosed, infiniplex_staircase_diamond, uniq_boris
Depths:5: evilmike_zot_entry_round, layout_cave_pools, hangedman_coc_ice_floe,
          lemuel_round_altar, nicolae_trove_entry_path_of_doom,
          serial_bayou_shore_b, serial_bayou_shore_b, minmay_shoptagon,
          uniq_saint_roka
Zot:1:    layout_gridlike
Zot:2:    layout_cathedral_of_symmetry, grunt_ministairs_13, zot_minivault_1
Zot:3:    layout_basic
Zot:4:    layout_basic
Zot:5:    layout_misc_corridors

Skill      XL: |  1  2  3  4  5  6  7  8  9 10 11 12 13 14 15 16 17 18 19 20 21 22 23 24 25 26 27 |
---------------+----------------------------------------------------------------------------------+-----
Fighting       | 3 4 6 7 9 10 11 12 13 14 15 16 17 20 21 22 24 25 | 25.5
Axes           | 3 4 5 7 9 10 11 12 13 14 15 16 17 18 19 20 | 20.4
Armour         | 4 5 7 9 10 11 13 14 15 16 17 18 19 20 | 20.4
Shields        | 4 5 6 7 9 10 11 12 13 14 15 | 15.0
Invocations    | 2 3 5 7 10 11 12 13 14 15 | 15.0
Evocations     | 3 6 10 | 10.0
Dodging        | 4 7 8 10 | 10.0
Spellcasting   | 3 4 6 8 9 10 | 10.0
Translocations | 4 6 8 |  8.0
Charms         | 4 7 8 |  8.0
Earth Magic    | 2 8 11 14 | 14.0
Necromancy     | 2 6 9 12 13 17 18 | 18.0

Action                   |  1- 3 |  4- 6 |  7- 9 | 10-12 | 13-15 | 16-18 | 19-21 | 22-24 | 25-27 || total
-------------------------+-------+-------+-------+-------+-------+-------+-------+-------+-------++-------
Melee: War axe           |   121 |   156 |   333 |   680 |       |       |       |       |       ||  1290
       Broad axe         |       |       |       |   279 |  1018 |  1797 |  1602 |  1735 |  1435 ||  7866
       Whip              |       |       |       |    10 |    72 |       |       |       |       ||    82
Throw: Dart              |     9 |     3 |    33 |    19 |    14 |     2 |     5 |     2 |    17 ||   104
 Cast: Shroud of Golubri |       |       |       |       |       |       |     9 |     3 |    14 ||    26
       Borgnjor's Vile C |       |       |       |       |       |       |       |    16 |    22 ||    38
       Apportation       |       |       |       |       |       |       |       |     2 |     1 ||     3
       Swiftness         |       |       |       |       |       |       |       |       |     3 ||     3
       Infestation       |       |       |       |       |       |       |       |       |     1 ||     1
Invok: Minor Destruction |       |       |     3 |     1 |     2 |       |       |       |       ||     6
       Major Destruction |       |       |       |     1 |     4 |       |     2 |       |       ||     7
       Lesser Servant of |       |       |       |     3 |     1 |       |       |     1 |       ||     5
       Greater Servant o |       |       |       |       |     4 |     2 |     2 |     2 |     1 ||    11
 Abil: Heal Wounds       |     1 |     1 |     5 |    15 |    16 |     8 |    10 |    20 |    31 ||   107
       Evoke Invisibilit |       |       |       |       |       |       |       |       |     1 ||     1
Evoke: Lightning rod     |       |       |     3 |     6 |       |       |     5 |       |       ||    14
       Wand              |       |       |     1 |    29 |    37 |    11 |    20 |    28 |    43 ||   169
  Use: Scroll            |       |     1 |     6 |     6 |    31 |     8 |    19 |    10 |    18 ||    99
       Potion            |       |     1 |       |     2 |     6 |     5 |    12 |     9 |    15 ||    50
 Stab: Invisible         |       |     1 |       |       |       |       |       |     4 |       ||     5
       Paralysed         |       |       |       |     6 |       |       |       |       |       ||     6
       Distracted        |       |       |       |       |       |     2 |     2 |     2 |       ||     6
  Eat: Chunk             |       |     6 |     9 |    17 |     9 |    10 |    34 |    31 |    27 ||   143
       Ration            |       |       |       |     1 |     7 |     7 |     1 |       |     1 ||    17
Armor: Scale mail        |    52 |    76 |   151 |   122 |       |       |       |       |       ||   401
       Acid dragon scale |       |       |       |   190 |   203 |       |       |       |       ||   393
       Crystal plate arm |       |       |       |       |   351 |   981 |   597 |   323 |       ||  2252
       Plate armour      |       |       |       |       |       |       |       |   347 |   333 ||   680
       Gold dragon scale |       |       |       |       |       |       |       |       |   274 ||   274
Dodge: Dodged            |    31 |    36 |   102 |   276 |   263 |   417 |   343 |   464 |   440 ||  2372
Block: Shield            |    57 |    70 |   200 |   636 |   809 |  1522 |   804 |   838 |   811 ||  5747
       Reflection        |       |       |       |       |    19 |    44 |    98 |    50 |    16 ||   227
